 Dungeon Crawl Stone Soup version 0.21.0-25-ge575cb9 (webtiles) character file.

14844 Mesum the Cleaver (level 11, 0/99 HPs)
             Began as a Minotaur Fighter on Jan 22, 2018.
             Was a Priest of the Shining One.
             Slain by an 11-headed hydra (10 damage)
             ... on level 11 of the Dungeon on Jan 26, 2018.
             The game lasted 02:06:53 (11995 turns).

Mesum the Cleaver (Minotaur Fighter)               Turns: 11995, Time: 02:06:53

Health: 0/99       AC: 16    Str: 23    XL:     11   Next: 94%
Magic:  10/13      EV: 12    Int:  5    God:    the Shining One [***...]
Gold:   658        SH: 26    Dex: 11    Spells: 10/10 levels left

rFire    . . .     SeeInvis .   a - +0 war axe
rCold    . . .     Gourm    .   D - +0 shield
rNeg     + . .     Faith    .   g - +0 scale mail
rPois    .         Spirit   .   H - +2 hat
rElec    .         Reflect  +   y - +1 cloak
rCorr    .         Harm     .   J - +0 pair of gloves
MR       .....                  U - +0 pair of boots
Stlth    ..........             X - +6 amulet of reflection
HPRegen  0.26/turn              T - +3 ring of slaying
MPRegen  0.13/turn              b - +3 ring of evasion

@: divine shield, glowing
A: retaliatory headbutt, horns 2
a: Divine Shield, Renounce Religion


You were on level 11 of the Dungeon.
You worshipped the Shining One.
The Shining One was most pleased with you.
You were not hungry.

You visited 3 branches of the dungeon, and saw 13 of its levels.

You collected 728 gold pieces.
You spent 70 gold pieces at shops.

Inventory:

Hand Weapons
 a - a +0 war axe (weapon)
 q - a +3 scythe of protection
 I - a +1 dagger of draining
 K - a +3 battleaxe
Armour
 g - a +0 scale mail (worn)
 u - a +0 plate armour
 v - a +0 ring mail
 y - a +1 cloak (worn)
 C - the +2 cloak "Irphos Lepar" {rC++ Str-4 Dex+2}
   (You found it on level 5 of the Dungeon)

   It affects your strength (-4).
   It affects your dexterity (+2).
   It greatly protects you from cold.
 D - a +0 shield (worn)
 E - a +0 troll leather armour
 H - a +2 hat (worn)
 J - a +0 pair of gloves (worn)
 O - a +0 shield
 U - a +0 pair of boots (worn)
Jewellery
 b - a +3 ring of evasion (right hand)
 i - a +5 ring of dexterity
 l - an uncursed amulet of harm
 L - a +3 ring of intelligence
 Q - a +3 ring of evasion
 T - a +3 ring of slaying (left hand)
 X - a +6 amulet of reflection (around neck)
Wands
 z - a wand of acid (13)
 B - a wand of digging (15)
Scrolls
 e - 3 scrolls of teleportation
 j - 5 scrolls of identify
 k - a scroll of fog {unknown}
 m - 2 scrolls of enchant armour
 r - 3 scrolls of amnesia
 s - 2 scrolls of magic mapping {unknown}
 w - 4 scrolls of immolation
 x - 4 scrolls of remove curse
 A - 2 scrolls of random uselessness
 P - 2 scrolls of blinking {unknown}
 S - a scroll of fear {unknown}
Potions
 d - 2 potions of might
 h - 5 potions of flight
 n - a potion of mutation
 o - a potion of curing {unknown}
 p - 5 potions of heal wounds
 t - 2 potions of resistance
 F - a potion of agility {unknown}
 M - 2 potions of brilliance
 R - 3 potions of haste
 W - a potion of magic {unknown}
 Z - 3 potions of berserk rage {unknown}
Books
 G - a book of Beasts

   Spells                             Type                      Level
   a - Summon Butterflies             Summoning                    1
   b - Call Canine Familiar           Summoning                    3
   c - Summon Ice Beast               Ice/Summoning                4
   d - Summon Mana Viper              Hexes/Summoning              5
   e - Summon Hydra                   Summoning                    7
Miscellaneous
 Y - a lamp of fire
Comestibles
 c - 13 chunks of flesh
 f - 14 rations


   Skills:
 * Level 10.1 Fighting
 + Level 14.1 Axes
 * Level 10.8 Armour
 * Level 11.2 Shields
 * Level 4.1 Invocations


You had 10 spell levels left.
You didn't know any spells.

Dungeon Overview and Level Annotations

Branches:
Dungeon (11/15)            Temple (1/1) D:7            Lair (1/6) D:9
    Orc (0/2) D:11

Altars:
Ashenzari
Cheibriados
Dithmenos
Elyvilon
Fedhas
Gozag
Hepliaklqana
Kikubaaqudgha
Makhleb
Nemelex Xobeh
Okawaru
Qazlal
Ru
Sif Muna
Trog
Uskayaw
Vehumet
Wu Jian
Xom
Yredelemnul
Zin
The Shining One

Shops:
D:4 [   D:7 *}!::   D:9 *   D:10 (   D:11 (


Innate Abilities, Weirdness & Mutations

You reflexively headbutt those who attack you in melee.
You have a pair of horns on your head.


Message History

You chop one of the ten-headed hydra's heads off!
The nine-headed hydra grows two more!
You hit the 11-headed hydra. You headbutt the 11-headed hydra.
The 11-headed hydra is severely wounded.
The 11-headed hydra bites you but does no damage.
You block the 11-headed hydra's attack. The 11-headed hydra bites you.
You block the 11-headed hydra's attack. x2
The 11-headed hydra bites you but does no damage. x3
The 11-headed hydra bites you!
* * * LOW HITPOINT WARNING * * *
The 11-headed hydra bites you!
* * * LOW HITPOINT WARNING * * *
The 11-headed hydra bites you!
* * * LOW HITPOINT WARNING * * *
Your shield is strengthened by the Shining One's divine power.
You feel slightly more hungry.
You block the 11-headed hydra's attack. x2
The 11-headed hydra closely misses you.
The 11-headed hydra bites you but does no damage. x2
You block the 11-headed hydra's attack. The 11-headed hydra bites you!
You die...

#####.(### #)(##########
#...##÷..########## #....#
..........##......###.##.###
...................##.##...#
..<.................#.####)##
....................#.#
#..###
....................#.#
##.).#
#...#...............#.#
###.##
#####...........@D..#.# #..##
#..............##.########...
####.........................
#..............########...
##...........#..# #....
..>..........#..######.###
.........).............
#....$.....8.8.8....#####
####...........⌠.⌠......##


You could see a 11-headed hydra.

Vanquished Creatures
  3 two-headed ogres
  The ghost of Ashar the Carver, a novice DsGl (D:6)
  The ghost of pstr the Digger, a novice NaEE of Hepliaklqana (D:5)
  A queen bee (D:8)
  2 trolls
  A hippogriff (D:7)
  Sigmund (D:3)
  2 wyverns
  22 yaks
  4 fire bats (D:10)
  2 hungry ghosts
  Edmund (D:4)
  3 hell hounds
  2 ice beasts (D:10)
  4 sky beasts
  2 orc warriors
  A black bear (D:6)
  8 ogres
  An eye of draining (D:9)
  The ghost of pstr the Digger, an amateur NaEE (D:3)
  3 phantoms
  3 centaurs
  A crocodile (D:11)
  4 big kobolds
  6 bullfrogs
  4 gnoll sergeants (D:11)
  A water moccasin zombie (D:10)
  A wyvern skeleton (D:11)
  3 scorpions
  29 killer bees
  5 wights (D:5)
  5 howler monkeys
  2 crimson imps
  2 lava snakes (D:10)
  2 bullfrog zombies
  5 orc priests
  5 hounds
  2 bullfrog skeletons
  Crazy Yiuf (D:4)
  A centaur skeleton (D:10)
  2 iguanas
  8 orc wizards
  14 worker ants
  2 hound skeletons
  5 gnolls
  15 adders
  4 shadow imps
  An ooze (D:7)
  An adder zombie (D:5)
  An adder skeleton (D:5)
  3 worms
  4 dart slugs
  6 leopard geckos
  34 orcs
  8 giant cockroaches
  6 goblins
  7 hobgoblins
  16 jackals
  2 quokkas
  6 ball pythons
  9 bats
  7 frilled lizards
  3 jackal skeletons
  30 kobolds
  A quokka zombie (D:6)
  10 rats
  3 fire vortices (D:10)
  11 plants (D:4)
367 creatures vanquished.

Vanquished Creatures (others)
  A kobold (D:4)
1 creature vanquished.

Grand Total: 368 creatures vanquished

Notes
Turn   | Place    | Note
-------+----------+-------------------------------------------
     0 | D:1      | Mesum the Minotaur Fighter began the quest for the Orb.
     0 | D:1      | Reached XP level 1. HP: 19/19 MP: 0/0
   361 | D:1      | Reached XP level 2. HP: 27/27 MP: 1/1
  1130 | D:2      | Reached XP level 3. HP: 23/33 MP: 2/2
  1192 | D:2      | Reached skill level 3 in Axes
  1395 | D:2      | Reached XP level 4. HP: 40/40 MP: 3/3
  1929 | D:3      | Noticed pstr's ghost (amateur NaEE)
  2007 | D:3      | Noticed Sigmund
  2366 | D:3      | Killed Sigmund
  2366 | D:3      | Reached skill level 4 in Axes
  2366 | D:3      | Reached skill level 5 in Armour
  2366 | D:3      | Reached skill level 5 in Shields
  2366 | D:3      | Reached XP level 5. HP: 32/47 MP: 4/4
  2366 | D:3      | Reached XP level 6. HP: 36/53 MP: 5/5
  2950 | D:3      | Found a stormy altar of Qazlal.
  2973 | D:3      | Noticed a sky beast
  2979 | D:3      | Killed a sky beast
  2979 | D:3      | Reached skill level 5 in Axes
  3041 | D:3      | Killed pstr's ghost
  3159 | D:3      | Found a shadowy altar of Dithmenos.
  3346 | D:4      | Reached skill level 5 in Fighting
  3346 | D:4      | Reached XP level 7. HP: 61/61 MP: 6/6
  3367 | D:4      | Found a runed door.
  3371 | D:4      | Noticed Crazy Yiuf
  3376 | D:4      | Killed Crazy Yiuf
  3415 | D:4      | Reached skill level 6 in Axes
  3416 | D:4      | Found Cosif's Antique Armour Shop.
  3671 | D:4      | Noticed Edmund
  3684 | D:4      | Killed Edmund
  3684 | D:4      | Reached skill level 7 in Axes
  3974 | D:4      | Reached XP level 8. HP: 66/69 MP: 7/7
  4409 | D:4      | Noticed a two-headed ogre
  5208 | D:5      | Entered Level 5 of the Dungeon
  5234 | D:5      | Got a distressingly furry cloak
  5255 | D:5      | Identified the +2 cloak "Irphos Lepar" {rC++ Str-4 Dex+2} (You found it on level 5 of the Dungeon)
  5296 | D:5      | Noticed pstr's ghost (novice NaEE)
  5310 | D:5      | Killed pstr's ghost
  5310 | D:5      | Reached skill level 8 in Axes
  5648 | D:5      | Reached skill level 9 in Axes
  6004 | D:5      | Reached XP level 9. HP: 49/75 MP: 8/8
  6181 | D:5      | Found a deep blue altar of Sif Muna.
  6189 | D:5      | Found a glowing golden altar of the Shining One.
  6194 | D:5      | Became a worshipper of the Shining One
  6196 | D:5      | Found a shattered altar of Ashenzari.
  6446 | D:6      | Noticed Ashar's ghost (novice DsGl)
  6464 | D:6      | Killed Ashar's ghost
  6464 | D:6      | Reached skill level 10 in Axes
  6962 | D:7      | Found a staircase to the Ecumenical Temple.
  6981 | Temple   | Entered the Ecumenical Temple
  7132 | D:7      | Found Kobigrop's Assorted Antiques.
  7202 | D:7      | Reached skill level 11 in Axes
  7241 | D:7      | Found Umaogrit's Gadget Emporium.
  7481 | D:7      | Reached * piety under the Shining One
  7831 | D:7      | Found Tifotz's Distillery.
  7838 | D:7      | Reached XP level 10. HP: 86/86 MP: 9/9
  7841 | D:7      | Bought a potion of heal wounds for 70 gold pieces
  7873 | D:7      | Found Hoebb's Book Emporium.
  8012 | D:7      | Found Jakk's Book Shoppe.
  8237 | D:8      | Found a shimmering altar of Xom.
  8467 | D:8      | Reached skill level 12 in Axes
  8695 | D:8      | Noticed a two-headed ogre
  8703 | D:8      | Killed a two-headed ogre
  8987 | D:8      | Found a sacrificial altar of Ru.
  9000 | D:8      | Reached ** piety under the Shining One
  9378 | D:9      | Found a staircase to the Lair.
  9437 | D:9      | Reached skill level 1 in Invocations
  9520 | D:9      | Reached skill level 13 in Axes
  9525 | D:9      | Reached skill level 10 in Armour
  9538 | D:9      | Reached XP level 11. HP: 62/95 MP: 11/11
  9713 | D:9      | Found Nexkenai's Assorted Antiques.
  9842 | D:9      | Noticed a two-headed ogre
  9853 | D:9      | Killed a two-headed ogre
 10015 | D:9      | Reached skill level 10 in Shields
 10268 | D:10     | Entered Level 10 of the Dungeon
 10376 | D:10     | Reached *** piety under the Shining One
 10459 | D:10     | Found Teosak's Antique Weapon Boutique.
 11108 | D:11     | Found a staircase to the Orcish Mines.
 11143 | D:11     | Reached skill level 14 in Axes
 11145 | D:11     | Reached skill level 10 in Fighting
 11509 | D:11     | Found Mibly's Antique Weapon Emporium.
 11543 | D:11     | Noticed a two-headed ogre
 11555 | D:11     | Killed a two-headed ogre
 11586 | D:11     | Noticed a five-headed hydra
 11676 | Lair:1   | Entered Level 1 of the Lair of Beasts
 11693 | Lair:1   | Noticed a seven-headed hydra
 11995 | D:11     | Slain by an 11-headed hydra

Skill      XL: |  1  2  3  4  5  6  7  8  9 10 11 |
---------------+----------------------------------+-----
Armour         | 4 5 6 8 9 10 | 10.8
Fighting       | 4 5 6 7 8 10 | 10.1
Shields        | 4 5 6 7 8 9 11 | 11.2
Axes           | 3 4 5 7 9 11 13 14 | 14.1
Invocations    | 2 4 |  4.1

Action                   |  1- 3 |  4- 6 |  7- 9 | 10-12 || total
-------------------------+-------+-------+-------+-------++-------
Melee: War axe           |    90 |    87 |   448 |   443 ||  1068
       Headbutt          |    10 |    20 |   125 |    97 ||   252
Invok: Divine Shield     |       |       |       |     1 ||     1
  Use: Scroll            |     1 |       |     1 |    12 ||    14
  Eat: Chunk             |     1 |     7 |    10 |    15 ||    33
       Ration            |       |       |     2 |       ||     2
Armor: Scale mail        |    40 |    32 |   116 |   109 ||   297
Dodge: Dodged            |    20 |    29 |    85 |   136 ||   270
Block: Shield            |    34 |    54 |   185 |   308 ||   581
       Reflection        |       |       |       |     3 ||     3
